 Dungeon Crawl Stone Soup version 0.28-a0-1506-g3893175d92 (webtiles) character file.

Game seed: 13598552029442620783

35 dolemite99 the Covert (level 3, -1/35 HPs)
             Began as a Gnoll Delver on Jan 14, 2022.
             Slain by a black bear (4 damage)
             ... on level 5 of the Dungeon.
             The game lasted 00:01:05 (504 turns).

dolemite99 the Covert (Gnoll Delver)                 Turns: 504, Time: 00:01:05

Health: -1/35      AC:  3    Str: 13    XL:     3   Next: 35%
Magic:  4/4        EV: 13    Int:  9    God:
Gold:   11         SH:  0    Dex: 13    Spells: 3/3 levels left

rFire   . . .      SeeInvis .   a - +0 spear
rCold   . . .      Faith    .   (no shield)
rNeg    . . .      Spirit   .   b - +0 leather armour
rPois   .          Reflect  .   (no helmet)
rElec   .          Harm     .   (no cloak)
rCorr   .          Rampage  .   (no gloves)
Will    .....                   (no boots)
Stlth   ++++......              (no amulet)
HPRegen 0.11/turn               (no ring)
MPRegen 0.09/turn               (no ring)

@: no status effects
A: fangs 1, strong nose, distributed training
a: no special abilities


You were on level 5 of the Dungeon.
You visited 1 branch of the dungeon, and saw 2 of its levels.

You collected 11 gold pieces.

Inventory:

Hand Weapons
 a - a +0 spear (weapon)
Armour
 b - a +0 leather armour (worn)
Wands
 g - a wand of digging (3)
Scrolls
 c - a scroll of fog


   Skills:
 + Level 6.5 Fighting
 + Level 0.7 Short Blades
 + Level 0.7 Long Blades
 + Level 0.7 Axes
 + Level 0.7 Maces & Flails
 + Level 4.5 Polearms
 + Level 0.7 Staves
 + Level 0.7 Slings
 + Level 0.7 Bows
 + Level 0.7 Crossbows
 + Level 0.7 Throwing
 + Level 0.7 Armour
 + Level 4.5 Dodging
 + Level 9.5 Stealth
 + Level 0.7 Shields
 + Level 0.7 Unarmed Combat
 + Level 0.7 Spellcasting
 + Level 0.5 Conjurations
 + Level 0.5 Hexes
 + Level 0.5 Summonings
 + Level 0.5 Necromancy
 + Level 0.5 Translocations
 + Level 0.5 Transmutations
 + Level 0.5 Fire Magic
 + Level 0.5 Ice Magic
 + Level 0.5 Air Magic
 + Level 0.5 Earth Magic
 + Level 0.5 Poison Magic
 + Level 0.9 Invocations
 + Level 0.7 Evocations


You had 3 spell levels left.
You didn't know any spells.
Your spell library was empty.

Dungeon Overview and Level Annotations

Branches:
Dungeon (5/15)
 Temple: D:4-7

Altars:


Innate Abilities, Weirdness & Mutations

You have very sharp teeth.
Your uncanny sense of smell can sniff out nearby items.
Your experience applies equally to all skills.


Message History

You feel stronger. x2
You now have 11 gold pieces.
There are no items here.
You start resting.
Magic restored.
You start resting.
A black bear is nearby!
A black bear is nearby!
A black bear is nearby!
You start resting.
A black bear is nearby!
The black bear growls angrily.
You aren't carrying any potions.
Unknown command.
You aren't carrying any potions.
Unknown command.
As you read the scroll of magic mapping, it crumbles to dust.
You feel aware of your surroundings.
You aren't carrying any potions.
Unknown command.
You hit the black bear.
The black bear is lightly wounded.
You hit the black bear.
The black bear is moderately wounded.
The black bear bites you.
* * * LOW HITPOINT WARNING * * *
The black bear claws you.
* * * LOW HITPOINT WARNING * * *
The black bear closely misses you.
You hit the black bear. You punch the black bear.
The black bear is heavily wounded.
The black bear barely misses you. The black bear closely misses you.
The black bear barely misses you.
You hit the black bear.
The black bear is heavily wounded.
The black bear bites you.
* * * LOW HITPOINT WARNING * * *
The black bear claws you but does no damage.
The black bear claws you.
You die...

*** *** *#.# *,* *#..*
**,* ####..#* **,**
#.#...# *,,* #.#...#
**,** #.....#####..#
*#...........##**
#.@...........,****
##h#...........,,,,*
####.####........**,,,,
#....####......#******,
##.##..##......# **
##*##..#.....#* *
##......## ##.....#
##....### *


You could see a black bear.

Vanquished Creatures
  An iguana (D:5)
  An adder (D:4)
  A giant cockroach (D:4)
  A goblin (D:4)
4 creatures vanquished.

Notes
Turn   | Place    | Note
-------+----------+-------------------------------------------
     0 | D:5      | Reached skill level 9 in Stealth
     0 | D:5      | dolemite99 the Gnoll Delver began the quest for the Orb.
     0 | D:5      | Reached XP level 1. HP: 23/23 MP: 1/1
     1 | D:5      | Noticed a centaur
    31 | D:4      | Noticed a jelly
    56 | D:4      | Reached XP level 2. HP: 10/29 MP: 2/2
    67 | D:4      | HP: 1/29 [poisoned by an adder]
    73 | D:4      | Noticed a steam dragon
   384 | D:5      | Noticed a black bear
   450 | D:5      | Reached XP level 3. HP: 7/35 MP: 2/4
   504 | D:5      | Slain by a black bear

Illustrated notes

Levels and vault maps discovered:
D:4:      corexii_shantytown, layout_basic, grunt_dithmenos_smoke_and_mirrors,
          minmay_temple_entry_fiery, serial_shops, nicolae_lakefront_shop,
          kennysheep_doodads, minmay_misc_feat_x, minmay_misc_feat_more_columns
D:5:      layout_layer_cave

Skill      XL: | |
---------------+-+-----
Stealth        | |  9.5
Fighting       | |  6.5
Short Blades   | |  0.7
Long Blades    | |  0.7
Axes           | |  0.7
Maces & Flails | |  0.7
Polearms       | |  4.5
Staves         | |  0.7
Slings         | |  0.7
Bows           | |  0.7
Crossbows      | |  0.7
Throwing       | |  0.7
Armour         | |  0.7
Dodging        | |  4.5
Shields        | |  0.7
Unarmed Combat | |  0.7
Spellcasting   | |  0.7
Conjurations   | |  0.5
Hexes          | |  0.5
Summonings     | |  0.5
Necromancy     | |  0.5
Translocations | |  0.5
Transmutations | |  0.5
Fire Magic     | |  0.5
Ice Magic      | |  0.5
Air Magic      | |  0.5
Earth Magic    | |  0.5
Poison Magic   | |  0.5
Invocations    | |  0.9
Evocations     | |  0.7

Action                   || total
-------------------------++-------
Melee: Spear             ||    32
       Punch             ||     2
       Bite              ||     1
  Use: Potion            ||     1
       Scroll            ||     2
 Stab: Sleeping          ||     1
Armor: Leather armour    ||     1
Dodge: Dodged            ||    18

Table legend: (Time is in decaauts)
 A = Elapsed time spent in this place.
 B = Non-inter-level travel time spent in this place.
 C = Inter-level travel time spent in this place.
 D = Time resting spent in this place.
 E = Time spent auto-exploring this place.
 F = Levels seen in this place.
 G = Mean time per level.
                   A        B        C        D        E       F      G
               +--------+--------+--------+--------+--------+-----+--------+
         Total |    485 |    485 |      0 |    340 |     18 |   2 |  242.5 |
       Dungeon |    485 |    485 |      0 |    340 |     18 |   2 |  242.5 |
               +--------+--------+--------+--------+--------+-----+--------+

Top non-repeatable levels by time:
     D:5: 435 daAuts
     D:4: 50 daAuts
